 Dungeon Crawl Stone Soup version 0.17-a0-1181-gabc46e6 (webtiles) character file.

20098 Fluffy the Fighter (level 12, -3/100 HPs)
             Began as a Demonspawn Fighter on May 31, 2015.
             Was a High Priest of Okawaru.
             Slain by an alligator simulacrum (17 damage)
             ... in an ice cave.
             The game lasted 00:39:47 (15456 turns).

Fluffy the Fighter (Demonspawn Fighter)            Turns: 15456, Time: 00:39:47

Health: -3/100     AC: 18    Str: 23    XL:     12   Next: 42%
Magic:  0/19       EV: 12    Int: 16    God:    Okawaru [*****.]
Gold:   825        SH: 11    Dex: 20    Spells: 0 memorised, 11 levels left

rFire  + . .     SeeInvis .     Q - +1 scimitar (flame)
rCold  + . .     Clarity  .     s - +0 scale mail {rF+}
rNeg   . . .     SustAt   .     c - +0 shield
rPois  +         Gourm    +     H - +1 hat
rElec  .         Spirit   +     I - +1 cloak {rPois}
rCorr  .         Warding  .     o - +0 pair of gloves
rMut   .         Stasis   .     r - +2 pair of boots
MR     +....                    C - amulet of the gourmand
Stlth  +.........               p - ring of protection from magic
                                g - +5 ring of intelligence

@: mighty, agile, somewhat resistant to hostile enchantments, very unstealthy
A: horns 2, icy blue scales 1, cold resistance 1, powered by pain 1, magic
shield, magic regeneration
a: Heroism, Finesse, Renounce Religion


You were in an ice cave.
You worshipped Okawaru.
Okawaru was extremely pleased with you.
You were very full.

You visited 3 branches of the dungeon, and saw 14 of its levels.
You also visited: Ice Cave.

You collected 825 gold pieces.

Inventory:

Hand weapons
 Q - a +1 scimitar of flaming (weapon)
Armour
 c - a +0 shield (worn)
 o - a +0 pair of gloves (worn)
 r - a +2 pair of boots (worn)
 s - a +0 scale mail of fire resistance (worn)
 H - a +1 hat (worn)
 I - a +1 cloak of poison resistance (worn)
Rods
 E - a -2 rod of ignition (14/14)
   (You found it on level 8 of the Dungeon)
Jewellery
 g - a +5 ring of intelligence (left hand)
 l - an uncursed ring of teleport control
 p - a ring of protection from magic (right hand)
 C - an amulet of the gourmand (around neck)
Magical devices
 i - a wand of magic darts (22)
 q - a wand of confusion (38)
 x - a wand of digging (15)
 B - a wand of fireball (9)
 G - a wand of fire (11)
 J - a wand of digging (9)
 P - a wand of confusion (31)
 R - a wand of draining (4)
Scrolls
 k - 5 scrolls of remove curse
 v - a scroll of enchant weapon
 y - 5 scrolls of recharging
Potions
 d - 2 potions of might
 f - 10 potions of curing
 h - 3 potions of haste
 j - 4 potions of invisibility
 m - a potion of magic
 n - a potion of resistance
 u - 2 potions of agility
 w - a potion of cure mutation
 z - 2 potions of flight {unknown}
 A - 3 potions of brilliance {unknown}
 D - a potion of mutation {unknown}
 F - 2 potions of cancellation {unknown}
Miscellaneous
 a - a plain deck of changes
Comestibles
 b - 5 meat rations
 e - 13 bread rations
 t - 3 slices of pizza
 L - 2 beef jerkies
 N - 5 fruits


   Skills:
 + Level 11.3 Fighting
 + Level 10.2 Long Blades
 + Level 10.5 Armour
 + Level 4.3 Shields
 - Level 10.2 Invocations


You had 11 spell levels left.
You didn't know any spells.

Dungeon Overview and Level Annotations

Branches:
Dungeon (10/15)            Temple (1/1) D:4            Lair (3/8) D:9
    Orc (0/4) D:9
  Swamp: Lair:3-6    Shoals: Lair:3-6     Snake: Lair:3-6    Spider: Lair:3-6

Altars:
Ashenzari
Cheibriados
Dithmenos
Elyvilon
Fedhas
Gozag
Kikubaaqudgha
Makhleb
Nemelex Xobeh
Okawaru
Qazlal
Ru
Sif Muna
Trog
Vehumet
Xom
Yredelemnul
Zin
The Shining One

Shops:
D:4 [   D:9 }

Annotations:
D:10 exclusion: oklob plant


Innate Abilities, Weirdness & Mutations

You have a pair of horns on your head.
You are partially covered in icy blue scales (AC +1).
Your flesh is cold resistant.
You sometimes gain a little power by taking damage.
When hurt, damage is shared between your health and your magic reserves.
You regenerate magic rapidly.


Message History

The alligator simulacrum tail-slaps you but does no damage.
Drink which item? (? for menu, Esc to quit)
You feel better.
The wolf spider simulacrum barely misses you.
You block the wolf spider simulacrum's attack.
The alligator simulacrum closely misses you.
The alligator simulacrum tail-slaps you but does no damage.
You block the wolf spider simulacrum's attack. x2
Drink which item? (? for menu, Esc to quit)
You feel better.
You block the wolf spider simulacrum's attack.
The wolf spider simulacrum barely misses you.
The alligator simulacrum bites you but does no damage.
The alligator simulacrum barely misses you.
You slice the wolf spider simulacrum!!
You melt the wolf spider simulacrum!
The wolf spider simulacrum vapourises!
Okawaru accepts your kill.
You slice the alligator simulacrum!!
You melt the alligator simulacrum!
The alligator simulacrum bites you!!
You die...

#### ##..## #
###....##
....##Z......#
#.....@.∩.∩.#
##...§......#
##..##....##
### ##..##
####


You could see an alligator simulacrum.

Vanquished Creatures
  Gastronok (D:8)
  An ogre mage (D:10)
  Erica (D:10)
  Urug (D:10)
  Pikel (D:4)
  3 hill giants (D:10)
  3 elephants (Lair:2)
  Maurice (D:8)
  Joseph (D:8)
  A cyclops (D:10)
  2 spiny frogs
  2 komodo dragons
  A queen bee (D:9)
  A wolf spider simulacrum (IceCv)
  A troll (D:7)
  15 yaks (Lair:2)
  A spriggan (D:8)
  A wyvern (D:8)
  2 hungry ghosts
  A basilisk (D:10)
  A death yak simulacrum (IceCv)
  2 hippogriffs (Lair:1)
  3 sky beasts
  4 phantoms
  4 porcupines
  9 ice beasts
  An eye of draining (D:10)
  7 ogres
  7 orc warriors
  2 black bears
  4 crocodiles
  5 centaurs
  3 big kobolds
  7 giant frogs
  2 scorpions
  18 killer bees
  A crimson imp (D:8)
  4 centaur zombies
  A quasit (D:4)
  5 jellies
  A giant frog zombie (D:9)
  7 hounds
  A gnoll shaman (D:4)
  6 orc priests
  2 centaur skeletons (D:10)
  A giant frog skeleton (D:6)
  4 worker ants
  14 orc wizards
  A polar bear simulacrum (IceCv)
  4 iguanas
  2 hound skeletons
  12 gnolls
  17 river rats
  11 adders
  4 shadow imps
  2 adder zombies
  2 adder skeletons
  4 worms
  6 giant geckos
  63 orcs
  11 bats
  A bat zombie (D:5)
  4 giant cockroaches
  11 goblins
  18 hobgoblins
  22 kobolds
  5 quokkas
  2 ball pythons (D:3)
  6 giant newts
  9 jackals
  2 jackal skeletons
  A quokka skeleton (D:5)
  19 rats
406 creatures vanquished.

Vanquished Creatures (others)
  2 slaves (D:4)
  An orc wizard (D:4)
  2 gnolls (D:4)
  A fungus (Lair:2)
  A plant (D:9)
7 creatures vanquished.

Grand Total: 413 creatures vanquished

Notes
Turn   | Place    | Note
--------------------------------------------------------------
     0 | D:1      | Fluffy the Demonspawn Fighter began the quest for the Orb.
     0 | D:1      | Reached XP level 1. HP: 18/18 MP: 1/1
   212 | D:1      | Gained mutation: You sometimes gain a little power by taking damage. [demonic ancestry]
   212 | D:1      | Reached XP level 2. HP: 24/24 MP: 2/2
   701 | D:2      | Reached XP level 3. HP: 25/29 MP: 3/3
  1050 | D:2      | Gained mutation: When hurt, damage is shared between your health and your magic reserves. [demonic ancestry]
  1050 | D:2      | Reached XP level 4. HP: 35/35 MP: 4/4
  2277 | D:3      | Found a snail-covered altar of Cheibriados.
  2277 | D:3      | Found a shattered altar of Ashenzari.
  2419 | D:4      | Reached skill level 4 in Fighting
  2419 | D:4      | Gained mutation: You have a pair of small horns on your head. [demonic ancestry]
  2419 | D:4      | Reached XP level 5. HP: 30/42 MP: 5/5
  2427 | D:4      | Noticed a centaur
  2442 | D:4      | Killed a centaur
  2538 | D:4      | Noticed Pikel
  2538 | D:4      | Noticed a slave
  2538 | D:4      | Noticed a slave
  2539 | D:4      | Noticed a slave
  2539 | D:4      | Noticed a slave
  2562 | D:4      | Killed Pikel
  2562 | D:4      | Reached skill level 5 in Fighting
  2562 | D:4      | Reached skill level 5 in Armour
  2562 | D:4      | Reached XP level 6. HP: 39/51 MP: 6/6
  2562 | D:4      | Gained mutation: You regenerate magic rapidly. [demonic ancestry]
  2562 | D:4      | Reached XP level 7. HP: 42/56 MP: 7/7
  2751 | D:4      | Noticed a phantom
  2797 | D:4      | Killed a phantom
  2847 | D:4      | Found a staircase to the Ecumenical Temple.
  2858 | Temple   | Entered the Ecumenical Temple
  3029 | Temple   | Became a worshipper of Warmaster Okawaru
  3052 | D:4      | Found Yliylah's Armour Boutique.
  3217 | D:4      | Killed a freed slave
  3286 | D:4      | Reached skill level 1 in Invocations
  3290 | D:4      | Killed a freed slave
  3380 | D:4      | Reached skill level 6 in Fighting
  3395 | D:4      | Noticed an ogre
  3403 | D:4      | Killed an ogre
  3403 | D:4      | Reached skill level 5 in Long Blades
  3403 | D:4      | Reached XP level 8. HP: 56/64 MP: 9/9
  3594 | D:5      | Entered Level 5 of the Dungeon
  3692 | D:5      | Found a glowing golden altar of the Shining One.
  3704 | D:5      | Found a white marble altar of Elyvilon.
  3704 | D:5      | Found a bloodstained altar of Trog.
  3704 | D:5      | Found an ancient bone altar of Kikubaaqudgha.
  3704 | D:5      | Found a deep blue altar of Sif Muna.
  3790 | D:5      | Acquired Okawaru's first power
  4514 | D:6      | Found a glowing silver altar of Zin.
  4827 | D:6      | Found a blossoming altar of Fedhas.
  5236 | D:7      | Noticed a troll
  5242 | D:7      | Killed a troll
  5242 | D:7      | Reached skill level 7 in Fighting
  5254 | D:7      | Gained mutation: You have a pair of horns on your head. [demonic ancestry]
  5254 | D:7      | Reached XP level 9. HP: 58/72 MP: 10/12
  5373 | D:7      | Reached skill level 5 in Invocations
  6446 | D:8      | Noticed Joseph
  6461 | D:8      | Killed Joseph
  6461 | D:8      | Reached skill level 8 in Fighting
  6813 | D:8      | Found a blossoming altar of Fedhas.
  7023 | D:8      | Gained mutation: Your flesh is cold resistant. [demonic ancestry]
  7023 | D:8      | Reached XP level 10. HP: 71/80 MP: 12/15
  7184 | D:8      | Identified a -2 rod of ignition (14/14) (You found it on level 8 of the Dungeon)
  7267 | D:8      | Noticed Gastronok
  7294 | D:8      | Killed Gastronok
  7778 | D:8      | Noticed Maurice
  7899 | D:8      | Killed Maurice
  7899 | D:8      | Reached skill level 9 in Fighting
  8355 | D:9      | Acquired Okawaru's second power
  8585 | D:9      | Found Gaulodoh's Gadget Shoppe.
  9103 | D:9      | Found a staircase to the Orcish Mines.
  9735 | D:9      | Gained mutation: You are partially covered in icy blue scales (AC +1). [demonic ancestry]
  9735 | D:9      | Reached XP level 11. HP: 39/89 MP: 7/18
 10446 | D:9      | Found a staircase to the Lair.
 10782 | D:9      | Reached skill level 10 in Invocations
 10881 | D:10     | Entered Level 10 of the Dungeon
 10888 | D:10     | Found a bloodstained altar of Trog.
 10983 | D:10     | Noticed Urug
 11008 | D:10     | Killed Urug
 11526 | D:10     | Received a gift from Okawaru
 11699 | D:10     | Noticed Erica
 11699 | D:10     | Noticed a hill giant
 11699 | D:10     | Noticed a hill giant
 11708 | D:10     | Killed a hill giant
 11716 | D:10     | Killed a hill giant
 11737 | D:10     | Killed Erica
 11737 | D:10     | Reached skill level 10 in Fighting
 11923 | D:10     | Noticed an ogre mage
 11979 | D:10     | Noticed a hill giant
 11992 | D:10     | Killed a hill giant
 12344 | D:10     | Paralysed by an ogre mage for 4 turns
 12385 | D:10     | Killed an ogre mage
 12616 | Lair:1   | Entered Level 1 of the Lair of Beasts
 12635 | Lair:1   | Reached skill level 10 in Armour
 14082 | Lair:2   | Reached XP level 12. HP: 86/99 MP: 17/19
 14114 | Lair:2   | Received a gift from Okawaru
 14120 | Lair:2   | Reached skill level 11 in Fighting
 14691 | Lair:2   | Reached skill level 10 in Long Blades
 15430 | Lair:3   | Found a frozen archway.
 15445 | IceCv    | Entered an ice cave
 15452 | IceCv    | HP: 1/100 [alligator simulacrum (6)]
 15456 | IceCv    | Slain by an alligator simulacrum

Vault maps used:
D:1:      scummos_arrival_simple_fountains
D:3:      gammafunk_temple_overflow_elements
D:4:      temple_green, serial_shops, shop, uniq_pikel
D:5:      grunt_temple_overflow_open, first_bread, abandoned_shop
D:6:      kennysheep_little_box, kennysheep_mini
D:7:      minmay_thick_lines
D:8:      basic_altar, the_bakery, serial_park_tiny_1, uniq_maurice,
          uniq_gastronok, uniq_joseph
D:9:      david_lair_shrubbed, hiddenorc2_lemuel, serial_shops, shop_statue,
          nicolae_looking_at_the_future
D:10:     minmay_quarter_circles, lemuel_oklob_altar, uniq_urug, uniq_erica
Temple:   roderic_octagonal_lattice_temple
Lair:3:   portal_ice_cave_entry_ice_beasts, st_stairs_11, minivault_25
IceCv:    ice_cave_small_necro

Action                   |  1- 3 |  4- 6 |  7- 9 | 10-12 || total
-------------------------+-------+-------+-------+-------++-------
Melee: Long sword        |   116 |   166 |   553 |   557 ||  1392
       Scimitar          |       |       |       |   383 ||   383
Invok: Heroism           |       |       |       |     8 ||     8
       Finesse           |       |       |       |     2 ||     2
Evoke: Wand              |       |     2 |       |       ||     2
       Rod               |       |       |       |     5 ||     5
  Use: Scroll            |       |     8 |     8 |     7 ||    23
       Potion            |       |     1 |     1 |     3 ||     5
 Stab: Confused          |       |     2 |       |       ||     2
       Distracted        |       |       |       |     1 ||     1
  Eat: Chunk             |     1 |     5 |    27 |    30 ||    63
       Beef jerky        |       |       |     1 |       ||     1
